 Dungeon Crawl Stone Soup version 0.28-a0-724-g66f9036eb4 (webtiles) character file.

Game seed: 17809791721632778283

30 KoroneIsBestGirl the Skirmisher (level 3, 0/33 HPs)
             Began as a Minotaur Fighter on Oct 26, 2021.
             Slain by Robin (1 damage)
             ... on level 2 of the Dungeon.
             The game lasted 00:00:57 (1040 turns).

KoroneIsBestGirl the Skirmisher (Minotaur Fighter)  Turns: 1040, Time: 00:00:58

Health: 0/33       AC:  7    Str: 21    XL:     3   Next: 3%
Magic:  2/2        EV:  9    Int:  5    God:
Gold:   24         SH:  4    Dex:  9    Spells: 2/2 levels left

rFire   . . .      SeeInvis .   a - +0 trident
rCold   . . .      Faith    .   c - +0 buckler
rNeg    . . .      Spirit   .   b - +0 scale mail
rPois   .          Reflect  .   (helmet restricted)
rElec   .          Harm     .   (no cloak)
rCorr   .          Rampage  .   (no gloves)
Will    .....                   (no boots)
Stlth   ..........              (no amulet)
HPRegen 0.11/turn               (no ring)
MPRegen 0.08/turn               (no ring)

@: about to teleport
A: horns 2, retaliatory headbutt
a: no special abilities


You were on level 2 of the Dungeon.
You visited 1 branch of the dungeon, and saw 2 of its levels.

You collected 24 gold pieces.

Inventory:

Hand Weapons
 a - a +0 trident (weapon)
Missiles
 f - 93 stones (quivered)
Armour
 b - a +0 scale mail (worn)
 c - a +0 buckler (worn)
Potions
 d - a potion of might


   Skills:
 + Level 4.1 Fighting
 + Level 3.0 Polearms
 + Level 4.0 Armour
 + Level 4.0 Shields


You had 2 spell levels left.
You didn't know any spells.
Your spell library contained the following spells:

 Spells                   Type           Power      Damage    Failure   Level
 Call Canine Familiar     Summ           0%         N/A       99%         3
 Portal Projectile        Hex/Tloc       0%         N/A       99%         3
 Leda's Liquefaction      Hex/Erth       0%         N/A       100%        4
 Conjure Ball Lightning   Conj/Air       0%         3x3d6     100%        6
 Discord                  Hex            0%         N/A       100%        8
 Disjunction              Tloc           0%         N/A       100%        8


Dungeon Overview and Level Annotations

Branches:
Dungeon (2/15)

Altars:

Annotations:
D:2 Robin


Innate Abilities, Weirdness & Mutations

You have a pair of horns on your head.
You reflexively headbutt those who attack you in melee.


Message History

The goblin barely misses you. You block the goblin's attack.
The goblin barely misses you. You furiously retaliate!
You headbutt the goblin!
You kill the goblin!
Robin completely misses you. You block the goblin's attack.
You hit the goblin.
You kill the goblin!
The bat barely misses you. The bat hits you but does no damage.
The goblin closely misses you. You furiously retaliate!
You headbutt the goblin. The goblin hits you with a +0 club.
Robin throws the goblin at you! You block the goblin's attack.
You puncture the goblin!
You kill the goblin!
You block the goblin's attack.
Robin hits you from afar with a +0 spear.
You have reached level 3!
Your experience leads to an increase in your attributes!
Increase (S)trength, (I)ntelligence, or (D)exterity?
You feel stronger.
You barely miss the goblin. The rat barely misses you. You furiously retaliate!
You headbutt the rat!
You kill the rat!
You block the goblin's attack. You block Robin's attack.
The goblin closely misses you. The goblin hits you with a +0 dagger.
* * * LOW HITPOINT WARNING * * *
Your Polearms skill increases to level 3!
You closely miss the goblin.
The goblin is severely wounded.
The goblin hits you with a +0 dagger.
* * * LOW HITPOINT WARNING * * *
The goblin hits you but does no damage.
Robin's bangles clink loudly.
Robin hits you from afar with a +0 spear.
* * * LOW HITPOINT WARNING * * *
The goblin hits you but does no damage. You block the goblin's attack.
Unknown command.
As you read the scroll labelled BIFUOCR IDGHIUSE, it crumbles to dust.
You feel strangely unstable.
It was a scroll of teleportation.
The goblin closely misses you. The goblin hits you but does no damage.
Robin hits you from afar with a +0 spear.
You die...

## . #. ####
.##### .....
gg..####$
.....)#ggg.....
.....bg@#
####.>#g# #.
..# # ....
....# ###...
#..# ##..


You could see Robin, 6 goblins and a bat.

Vanquished Creatures
  A dart slug (D:1)
  A giant cockroach (D:1)
  9 goblins
  4 hobgoblins (D:1)
  3 ball pythons (D:1)
  A bat (D:1)
  2 frilled lizards (D:1)
  2 kobolds (D:1)
  3 rats
26 creatures vanquished.

Notes
Turn   | Place    | Note
-------+----------+-------------------------------------------
     0 | D:1      | KoroneIsBestGirl the Minotaur Fighter began the quest for
                  | the Orb.
     0 | D:1      | Reached XP level 1. HP: 19/19 MP: 0/0
   268 | D:1      | Reached XP level 2. HP: 27/27 MP: 1/1
   545 | D:1      | Found a faded altar of an unknown god.
  1028 | D:2      | Noticed Robin
  1038 | D:2      | Reached XP level 3. HP: 11/33 MP: 2/2
  1039 | D:2      | HP: 1/33 [Robin (3)]
  1040 | D:2      | Slain by Robin

Illustrated notes

Levels and vault maps discovered:
D:1:      dpeg_arrival_snail, layout_basic, ebering_ecumenical_altar_box
D:2:      layout_loops_ring, minmay_heptomino_h4, uniq_robin

Skill      XL: |  1  2  3 |
---------------+----------+-----
Fighting       | 4 |  4.1
Armour         | 4 |  4.0
Shields        | 4 |  4.0
Polearms       | 3 |  3.0

Action                   || total
-------------------------++-------
Melee: Trident           ||    50
       Headbutt          ||     4
Throw: Stone             ||     5
  Use: Scroll            ||     1
Armor: Scale mail        ||    19
Dodge: Dodged            ||    20
Block: Buckler           ||    16

Table legend: (Time is in decaauts)
 A = Elapsed time spent in this place.
 B = Non-inter-level travel time spent in this place.
 C = Inter-level travel time spent in this place.
 D = Time resting spent in this place.
 E = Time spent auto-exploring this place.
 F = Levels seen in this place.
 G = Mean time per level.
                   A        B        C        D        E       F      G
               +--------+--------+--------+--------+--------+-----+--------+
         Total |   1049 |   1006 |     43 |      0 |    884 |   2 |  524.5 |
       Dungeon |   1049 |   1006 |     43 |      0 |    884 |   2 |  524.5 |
               +--------+--------+--------+--------+--------+-----+--------+

Top non-repeatable levels by time:
     D:1: 1035 daAuts
     D:2: 13 daAuts
